 Dungeon Crawl Stone Soup version 0.22-a0-422-g9628fc87f1 (webtiles) character file.

413 Kriby the Chopper (level 6, -1/56 HPs)
             Began as a Hill Orc Monk on May 17, 2018.
             Slain by an ice beast (12 damage)
             ... on level 5 of the Dungeon.
             The game lasted 00:07:15 (5132 turns).

Kriby the Chopper (Hill Orc Monk)                   Turns: 5132, Time: 00:07:16

Health: -1/56      AC:  5    Str: 16    XL:     6   Next: 91%
Magic:  6/6        EV: 13    Int: 16    God:
Gold:   173        SH:  5    Dex: 13    Spells: 5/5 levels left

rFire    + . .     SeeInvis .   n - +0 hand axe (flame)
rCold    . . .     Gourm    .   (no shield)
rNeg     . . .     Faith    .   m - +2 leather armour {rF+}
rPois    .         Spirit   .   (no helmet)
rElec    .         Reflect  +   (no cloak)
rCorr    .         Harm     .   (no gloves)
MR       .....                  (no boots)
Stlth    ++........             d - +5 amulet of reflection
HPRegen  0.18/turn              f - +6 ring of intelligence
MPRegen  0.10/turn              (no ring)

@: lethally poisoned (-1 -> -4)
A: no striking features
a: no special abilities


You were on level 5 of the Dungeon.
You were hungry.

You visited 1 branch of the dungeon, and saw 5 of its levels.

You collected 173 gold pieces.

Inventory:

Hand Weapons
 a - a +0 hand axe
 n - a +0 hand axe of flaming (weapon)
Missiles
 i - 5 tomahawks (quivered)
 s - 8 javelins
Armour
 b - a +0 robe
 m - a +2 leather armour of fire resistance (worn)
Jewellery
 d - a +5 amulet of reflection (around neck)
 f - a +6 ring of intelligence (left hand)
 t - an uncursed ring of fire
Scrolls
 e - a scroll of remove curse
 g - 2 scrolls of noise
 o - a scroll of teleportation
 p - 2 scrolls of identify
 u - a scroll of enchant armour {unknown}
Potions
 h - a potion of brilliance
 j - a potion of flight {unknown}
 k - 2 potions of curing
 l - 3 potions of haste {unknown}
 q - a potion of invisibility {unknown}
 r - a potion of agility {unknown}
Comestibles
 c - 8 rations
 v - 14 chunks of flesh


   Skills:
 + Level 5.4 Fighting
 + Level 6.0 Axes
 + Level 3.4 Armour
 + Level 3.7 Dodging
 - Level 1.5 Stealth


You had 5 spell levels left.
You didn't know any spells.
Your spell library was empty.

Dungeon Overview and Level Annotations

Branches:
Dungeon (5/15)
 Temple: D:4-7

Altars:
Ashenzari
Fedhas
Makhleb
Nemelex Xobeh
Vehumet

Annotations:
D:3 htuhola's ghost, amateur OpTm


Message History

You miss the adder.
You feel sick. The adder bites you.
The ice beast hits you but does no damage.
You hit the ice beast.
You melt the ice beast.
The ice beast is heavily wounded.
Your leather armour prevents you from hitting the adder.
The adder closely misses you. The ice beast hits you.
The ice beast freezes you! The adder bites you but does no damage.
You closely miss the ice beast.
The ice beast is heavily wounded.
You closely miss the adder. The adder bites you.
* * * LOW HITPOINT WARNING * * *
You are more poisoned.
The adder poisons you! The ice beast misses you.
You hit the ice beast.
You melt the ice beast.
The ice beast is heavily wounded.
You hit the adder but do no damage.
You feel sick. You block the adder's attack. The ice beast hits you.
* * * LOW HITPOINT WARNING * * *
The ice beast freezes you!
You die...

#.........+ #.......?.#
#.........# #...(.....#
#...S.....# #.........#
###'# ######.#
#...####.......
###.#..S@Y.# #.#.#..###.#
+#######.#....# #.#
.........########.######
########.# #...........#
#########.###.#.##..#####
#...............##..#
#.#######.###.......# #.#
#.# #.#.##.##


You could see an ice beast and an adder.

Vanquished Creatures
  An ice beast (D:5)
  A big kobold (D:5)
  A hound (D:2)
  A bullfrog skeleton (D:4)
  2 worker ants (D:4)
  A worker ant zombie (D:4)
  A gnoll (D:1)
  2 adders
  A shadow imp (D:5)
  An ooze (D:3)
  2 adder skeletons (D:4)
  A worm (D:2)
  3 dart slugs
  An orc (D:3)
  4 giant cockroaches
  8 goblins
  11 hobgoblins
  3 jackals (D:1)
  3 quokkas
  A ball python (D:1)
  10 bats
  3 frilled lizards
  A jackal skeleton (D:4)
  27 kobolds
  4 rats
94 creatures vanquished.

Vanquished Creatures (others)
  A kobold (D:5)
1 creature vanquished.

Grand Total: 95 creatures vanquished

Notes
Turn   | Place    | Note
-------+----------+-------------------------------------------
     0 | D:1      | Kriby the Hill Orc Monk began the quest for the Orb.
     0 | D:1      | Reached XP level 1. HP: 19/19 MP: 1/1
   238 | D:1      | Reached XP level 2. HP: 27/27 MP: 2/2
   415 | D:1      | Reached skill level 1 in Armour
   594 | D:1      | Reached XP level 3. HP: 18/33 MP: 3/3
  1417 | D:2      | Found a burning altar of Makhleb.
  1428 | D:2      | Reached XP level 4. HP: 27/41 MP: 4/4
  2143 | D:2      | Found a sparkling altar of Nemelex Xobeh.
  2157 | D:2      | Found a shattered altar of Ashenzari.
  2740 | D:3      | Noticed htuhola's ghost (amateur OpTm)
  2850 | D:3      | Reached skill level 5 in Axes
  3436 | D:3      | Reached XP level 5. HP: 47/47 MP: 5/5
  3736 | D:3      | Found a radiant altar of Vehumet.
  4238 | D:4      | Found a blossoming altar of Fedhas.
  4697 | D:4      | Reached skill level 5 in Fighting
  4697 | D:4      | Reached XP level 6. HP: 24/56 MP: 6/6
  4914 | D:5      | Entered Level 5 of the Dungeon
  5114 | D:5      | Noticed an ice beast
  5117 | D:5      | Noticed an ice beast
  5126 | D:5      | Killed an ice beast
  5126 | D:5      | Reached skill level 6 in Axes
  5132 | D:5      | Slain by an ice beast

Vault maps used:
D:1:      dpeg_arrival_chase
D:2:      makhleb_heckhound_becter, minitemple
D:3:      old_standard_altar, vehumet_crystals, first_ration
D:4:      nicolae_overflow_crystal_walls
D:5:      kennysheep_kobold_camp, minmay_temple_entry_enclosed_plants,
          uniq_duvessa

Skill      XL: |  1  2  3  4  5  6 |
---------------+-------------------+-----
Armour         | 1 2 3 |  3.4
Fighting       | 4 5 |  5.4
Dodging        | 3 |  3.7
Axes           | 5 6 |  6.0
Stealth        | |  1.5

Action                   |  1- 3 |  4- 6 || total
-------------------------+-------+-------++-------
Melee: Hand axe          |    91 |   210 ||   301
Throw: Tomahawk          |       |    30 ||    30
  Use: Potion            |     1 |     2 ||     3
       Scroll            |       |     5 ||     5
 Stab: Sleeping          |     4 |     3 ||     7
  Eat: Chunk             |     1 |    12 ||    13
Armor: Robe              |    25 |     1 ||    26
       Leather armour    |       |    58 ||    58
Dodge: Dodged            |    73 |   164 ||   237
Block: Other             |       |    18 ||    18
       Reflection        |       |     2 ||     2

Table legend:
 A = Spawn XP
 B = Non-spawn XP
 C = Spawn XP percentage of total XP
 D = Spawn monster count
 E = Non-spawn monster count
 F = Spawn count percentage of total count
 G = Total turns spent on level
                    A         B        C        D         E        F      G
               +---------+---------+-------+---------+---------+-------+---------
         Total |       0 |     591 |   0.0 |       0 |      94 |   0.0 |  5132
               +---------+---------+-------+---------+---------+-------+---------
           D:1 |       0 |      54 |   0.0 |       0 |      23 |   0.0 |  1414
           D:2 |       0 |      72 |   0.0 |       0 |      14 |   0.0 |  1859
           D:3 |       0 |      59 |   0.0 |       0 |      23 |   0.0 |   572
           D:4 |       0 |     152 |   0.0 |       0 |      11 |   0.0 |  1069
           D:5 |       0 |     254 |   0.0 |       0 |      23 |   0.0 |   218
               +---------+---------+-------+---------+---------+-------+---------
